 Dungeon Crawl Stone Soup version 0.20.1-1-g8b1a95d (webtiles) character file.

2470 polve the Transmogrifier (level 9, -6/72 HPs)
             Began as a Merfolk Transmuter on Aug 5, 2017.
             Was a Follower of Okawaru.
             Mangled by a two-headed ogre
             ... wielding a +0 giant club
              (20 damage)
             ... on level 8 of the Dungeon.
             The game lasted 00:15:58 (12850 turns).

polve the Transmogrifier (Merfolk Transmuter)      Turns: 12850, Time: 00:15:58

Health: -6/72      AC:  9    Str: 13    XL:     9   Next: 51%
Magic:  7/12       EV: 13    Int: 16    God:    Okawaru [*.....]
Gold:   394        SH:  0    Dex: 14    Spells: 1/12 levels left

rFire    . . .     SeeInvis +     - Unarmed
rCold    . . .     Gourm    .   (shield currently unavailable)
rNeg     . . .     Faith    .   b - +0 robe
rPois    .         Spirit   .   w - +2 helmet {SInv}
rElec    .         Reflect  .   i - +0 cloak (curse)
rCorr    .         Harm     .   (gloves currently unavailable)
MR       .....                  l - +2 pair of boots
Stlth    ++........             (no amulet)
Regen    0.3/turn               f - +3 ring of strength
MPRegen  0.2/turn               s - ring of stealth

@: blade hands
A: change form in water, swift swim, stealthy swim
a: End Transformation, Heroism, Renounce Religion


You were on level 8 of the Dungeon.
You worshipped Okawaru.
Okawaru was aware of your devotion.
You were hungry.
You had blades for hands.
You visited 2 branches of the dungeon, and saw 9 of its levels.

You collected 394 gold pieces.

Inventory:

Missiles
 a - 59 arrows (quivered)
Armour
 b - a +0 robe (worn)
 i - a cursed +0 cloak (worn)
 l - a +2 pair of boots (worn)
 w - a +2 helmet of see invisible (worn)
Jewellery
 f - a +3 ring of strength (left scythe-like blade)
 s - a ring of stealth (right scythe-like blade)
Wands
 C - a wand of acid (6/15)
Scrolls
 e - 2 scrolls of recharging
 h - 5 scrolls of teleportation
 n - 3 scrolls of enchant armour
 q - 3 scrolls of remove curse
 v - a scroll of silence {unknown}
 y - a scroll of fear {unknown}
 B - a scroll of amnesia {unknown}
Potions
 k - 2 potions of mutation
 o - a potion of haste {unknown}
 r - a potion of berserk rage {unknown}
 t - a potion of ambrosia {unknown}
 A - a potion of cancellation {unknown}
Books
 c - a book of Changes

   Spells                             Type                      Level
   a - Beastly Appendage              Transmutation                1
   b - Sticks to Snakes               Transmutation                2
   c - Spider Form                    Transmutation/Poison         3
   d - Ice Form                       Ice/Transmutation            4
   e - Blade Hands                    Transmutation                5
 j - a book of Minor Magic

   Spells                             Type                      Level
   a - Magic Dart                     Conjuration                  1
   b - Blink                          Translocation                2
   c - Call Imp                       Summoning                    2
   d - Slow                           Hexes                        2
   e - Conjure Flame                  Conjuration/Fire             3
   f - Mephitic Cloud                 Conjuration/Poison/Air       3
 u - a book of Air

   Spells                             Type                      Level
   a - Shock                          Conjuration/Air              1
   b - Swiftness                      Charms/Air                   2
   c - Static Discharge               Conjuration/Air              3
   d - Airstrike                      Air                          4
   e - Lightning Bolt                 Conjuration/Air              5
Comestibles
 d - 5 bread rations
 g - 3 royal jellies
 m - 4 meat rations
 p - 4 fruits
 x - 5 chunks of flesh


   Skills:
 + Level 7.2 Fighting
 - Level 2.6 Dodging
 + Level 8.1 Unarmed Combat
 - Level 2.0 Spellcasting
 - Level 11.0 Transmutations


You had one spell level left.
You knew the following spells:

 Your Spells              Type           Power        Failure   Level  Hunger
a - Blade Hands           Tmut           #####.....   36%         5    ######.
b - Sticks to Snakes      Tmut           #####...     11%         2    ###....
c - Spider Form           Tmut/Pois      ###.......   36%         3    ###....
d - Beastly Appendage     Tmut           #####.       9%          1    #......


Dungeon Overview and Level Annotations

Branches:
Dungeon (8/15)             Temple (1/1) D:6
   Lair: D:8-11

Altars:
Ashenzari
Cheibriados
Dithmenos
Elyvilon
Gozag
Hepliaklqana
Kikubaaqudgha
Makhleb
Nemelex Xobeh
Okawaru
Qazlal
Ru
Sif Muna
Trog
Uskayaw
Vehumet
Xom
Yredelemnul
The Shining One

Shops:
D:4 [

Annotations:
D:3 Rhok's ghost, amateur BaFi
D:7 exclusion: ice statue


Message History

Your hands turn into razor-sharp scythe blades.
You are feeling hungry.
The two-headed ogre hits you with a giant club!
The two-headed ogre hits you with a giant club!!
You slice the two-headed ogre!!
The two-headed ogre is heavily wounded.
The two-headed ogre barely misses you. The two-headed ogre misses you.
You completely miss the two-headed ogre.
The two-headed ogre is heavily wounded.
You slash the two-headed ogre!
The two-headed ogre is severely wounded.
The two-headed ogre barely misses you.
The two-headed ogre hits you with a giant club!
* * * LOW HITPOINT WARNING * * *
You slash the two-headed ogre!
The two-headed ogre is almost dead.
The two-headed ogre hits you with a giant club!
* * * LOW HITPOINT WARNING * * *
The two-headed ogre hits you with a giant club!!
You die...

. . .# .# #. .#
#######.#.##.#
.>#..@......#
.####.#.##O....##
......#.# .....#
#...# .....#
##.## .....# #.#
###### ###.# #..
#...####.####
#........)[<#


You could see a two-headed ogre.

Vanquished Creatures
  Sigmund (D:5)
  2 orc warriors
  3 phantoms
  3 bullfrogs (D:7)
  A water moccasin zombie (D:6)
  A scorpion (D:4)
  6 killer bees (D:7)
  2 howler monkeys
  A crimson imp (D:6)
  6 centaur zombies
  A jelly (D:7)
  Crazy Yiuf (D:7)
  5 centaur skeletons
  A bullfrog skeleton (D:5)
  6 orc wizards
  A hound (D:4)
  An iguana (D:6)
  3 worker ants
  A hound zombie (D:7)
  2 worker ant zombies (D:5)
  3 gnolls (D:6)
  13 adders
  2 shadow imps
  3 adder zombies
  2 adder skeletons (D:5)
  3 worms
  4 dart slugs
  3 leopard geckos
  24 orcs
  6 bats
  5 giant cockroaches
  7 goblins
  10 hobgoblins
  18 jackals
  10 kobolds
  2 ball pythons
  4 frilled lizards (D:1)
  A giant cockroach zombie (D:5)
  A jackal skeleton (D:4)
  A jackal zombie (D:5)
  2 quokka skeletons
  8 rats
  A fungus (D:7)
181 creatures vanquished.

Vanquished Creatures (collateral kills)
  An ogre (D:4)
  A bullfrog (D:5)
  An orc (D:4)
  2 jackals (D:4)
5 creatures vanquished.

Grand Total: 186 creatures vanquished

Notes
Turn   | Place    | Note
-------+----------+-------------------------------------------
     0 | D:1      | polve the Merfolk Transmuter began the quest for the Orb.
     0 | D:1      | Reached XP level 1. HP: 15/15 MP: 3/3
    76 | D:1      | Reached skill level 3 in Transmutations
   383 | D:1      | Reached skill level 4 in Transmutations
   383 | D:1      | Reached XP level 2. HP: 14/21 MP: 3/5
   906 | D:1      | Reached XP level 3. HP: 23/26 MP: 6/6
  1592 | D:1      | Reached skill level 5 in Transmutations
  1599 | D:1      | Learned a level 2 spell: Sticks to Snakes
  1603 | D:1      | Learned a level 3 spell: Spider Form
  2269 | D:2      | Reached XP level 4. HP: 32/32 MP: 5/7
  2782 | D:2      | Found a sparkling altar of Nemelex Xobeh.
  2816 | D:2      | Reached skill level 6 in Transmutations
  2938 | D:3      | Noticed Rhok's ghost (amateur BaFi)
  3379 | D:3      | Found a glowing golden altar of the Shining One.
  4035 | D:3      | Reached XP level 5. HP: 37/37 MP: 8/8
  4309 | D:3      | Reached skill level 7 in Transmutations
  5067 | D:4      | Reached skill level 8 in Transmutations
  5067 | D:4      | Reached XP level 6. HP: 25/43 MP: 7/9
  5950 | D:4      | Found Qewec Neg's Armour Boutique.
  5992 | D:4      | Reached skill level 9 in Transmutations
  6402 | D:5      | Entered Level 5 of the Dungeon
  6442 | D:5      | Reached XP level 7. HP: 22/48 MP: 10/10
  6618 | D:5      | Noticed Sigmund
  6933 | D:5      | Reached skill level 10 in Transmutations
  7843 | D:4      | Reached skill level 11 in Transmutations
  8033 | D:5      | Reached XP level 8. HP: 9/56 MP: 9/11
  8407 | D:4      | Learned a level 5 spell: Blade Hands
  8414 | D:5      | Killed Sigmund
  8487 | D:5      | Found an opulent altar of Gozag.
  9005 | D:6      | Reached skill level 5 in Unarmed Combat
 10202 | D:6      | Reached skill level 5 in Fighting
 10381 | D:6      | Found a staircase to the Ecumenical Temple.
 10558 | Temple   | Entered the Ecumenical Temple
 10668 | Temple   | Became a worshipper of Warmaster Okawaru
 10734 | D:6      | Found a hide-covered altar of Uskayaw.
 10734 | D:6      | Found a shimmering altar of Xom.
 11141 | D:7      | Reached XP level 9. HP: 45/68 MP: 12/12
 11291 | D:7      | Found a burning altar of Makhleb.
 11291 | D:7      | Found a bloodstained altar of Trog.
 11558 | D:7      | Found a hazy altar of Hepliaklqana.
 12518 | D:7      | Reached * piety under Okawaru
 12549 | D:7      | Noticed an ice statue
 12673 | D:7      | Found a runed door.
 12677 | D:7      | Noticed Crazy Yiuf
 12681 | D:7      | Killed Crazy Yiuf
 12845 | D:8      | Noticed a two-headed ogre
 12850 | D:8      | Mangled by a two-headed ogre

Skill      XL: |  1  2  3  4  5  6  7  8  9 |
---------------+----------------------------+-----
Transmutations | 4 5 6 8 9 11 | 11.0
Fighting       | 2 5 7 |  7.2
Unarmed Combat | 6 8 |  8.1
Dodging        | |  2.6
Spellcasting   | |  2.0

Action                   |  1- 3 |  4- 6 |  7- 9 || total
-------------------------+-------+-------+-------++-------
Melee: Unarmed           |   115 |   308 |   494 ||   917
       Headbutt          |     9 |    52 |    42 ||   103
       Punch             |     1 |     6 |    14 ||    21
 Cast: Beastly Appendage |    18 |    31 |    22 ||    71
       Sticks to Snakes  |       |     3 |     3 ||     6
       Blade Hands       |       |       |     9 ||     9
  Use: Potion            |       |       |     2 ||     2
       Scroll            |       |       |     7 ||     7
 Stab: Sleeping          |     1 |       |     1 ||     2
  Eat: Chunk             |     5 |    14 |    18 ||    37
       Fruit             |       |       |     7 ||     7
Armor: Robe              |    26 |    86 |   128 ||   240
Dodge: Dodged            |    60 |   220 |   317 ||   597
